 Dungeon Crawl Stone Soup version 0.28.0 (webtiles) character file.

Game seed: 5433353047028022384

816 Dorkslayer the Chopper (level 7, -1/60 HPs)
             Began as a Hill Orc Fighter on June 12, 2022.
             Slain by a gnoll sergeant (13 damage)
             ... on level 5 of the Dungeon.
             The game lasted 00:09:55 (4887 turns).

Dorkslayer the Chopper (Hill Orc Fighter)           Turns: 4887, Time: 00:09:55

Health: -1/60      AC:  8    Str: 27    XL:     7   Next: 94%
Magic:  7/7        EV: 10    Int:  8    God:
Gold:   1258       SH:  4    Dex: 10    Spells: 6/6 levels left

rFire   . . .      SeeInvis .   a - +1 war axe
rCold   . . .      Faith    .   c - +0 buckler
rNeg    . . .      Spirit   .   b - +0 scale mail
rPois   .          Reflect  .   l - +0 helmet
rElec   .          Harm     .   m - scarf {repulsion}
rCorr   .          Rampage  .   (no gloves)
Will    +....                   (no boots)
Stlth   ..........              (no amulet)
HPRegen 0.20/turn               e - ring of willpower
MPRegen 0.10/turn               g - +6 ring of strength

@: repel missiles
A: no striking features
a: no special abilities


You were on level 5 of the Dungeon.
You visited 1 branch of the dungeon, and saw 6 of its levels.

You collected 1258 gold pieces.

Inventory:

Hand Weapons
 a - a +1 war axe (weapon)
Armour
 b - a +0 scale mail (worn)
 c - a +0 buckler (worn)
 l - a +0 helmet (worn)
 m - a scarf of repulsion (worn)
 p - a +0 cloak
Jewellery
 e - a ring of willpower (left hand)
 g - a +6 ring of strength (right hand)
Wands
 j - a wand of polymorph (6)
 k - a wand of paralysis (3)
Scrolls
 t - a scroll of enchant weapon
Potions
 f - a potion of resistance
 i - 2 potions of cancellation
 n - a potion of mutation {unknown}
 o - 2 potions of degeneration {unknown}
 q - a potion of flight {unknown}


   Skills:
 + Level 4.9 Fighting
 + Level 6.4 Axes
 + Level 0.2 Throwing
 + Level 5.0 Armour
 * Level 2.8 Dodging
 + Level 1.0 Stealth
 + Level 4.1 Shields
 * Level 2.9 Evocations


You had 6 spell levels left.
You didn't know any spells.
Your spell library contained the following spells:

 Spells                   Type           Power      Damage    Failure   Level
 Animate Skeleton         Necr           0%         N/A       77%         1
 Apportation              Tloc           0%         N/A       77%         1
 Sandblast                Erth           0%         2d4       77%         1
 Summon Small Mammal      Summ           0%         N/A       77%         1
 Passwall                 Tmut/Erth      0%         N/A       88%         2
 Stone Arrow              Conj/Erth      0%         3d7       98%         3


Dungeon Overview and Level Annotations

Branches:
Dungeon (6/15)
 Temple: D:4-7

Altars:
The Shining One
Beogh


Message History

You feel invigorated.
The gnoll sergeant hits you with a +0 trident.
* * * LOW HITPOINT WARNING * * *
You are more confused.
You feel more invigorated. The gnoll sergeant barely misses you.
The gnoll sergeant misses you.
You're too confused to move!
You're too confused to move!
The gnoll sergeant hits you from afar with a +0 trident!
The gnoll sergeant hits you with a +0 trident!
The gnoll sergeant hits you but does no damage.
The gnoll sergeant hits you from afar with a +0 trident!
You're too confused to move!
The gnoll sergeant hits you but does no damage.
The gnoll sergeant hits you but does no damage.
You hit the gnoll sergeant but do no damage.
The gnoll sergeant is moderately wounded.
The gnoll sergeant hits you but does no damage.
The gnoll sergeant hits you with a +0 trident!
The gnoll sergeant barely misses you. The gnoll sergeant barely misses you.
You hit the gnoll sergeant.
The gnoll sergeant is heavily wounded.
The gnoll sergeant hits you with a +0 trident!
You feel less invigorated.
You feel less confused.
The gnoll sergeant hits you from afar with a +0 trident!
The gnoll sergeant hits you but does no damage.
You hit the gnoll sergeant.
The gnoll sergeant is severely wounded.
The gnoll sergeant hits you with a +0 trident!
* * * LOW HITPOINT WARNING * * *
You closely miss the gnoll sergeant.
The gnoll sergeant is severely wounded.
The gnoll sergeant hits you with a +0 trident.
* * * LOW HITPOINT WARNING * * *
You hit the gnoll sergeant but do no damage.
The gnoll sergeant is severely wounded.
The gnoll sergeant hits you with a +0 trident!
You die...

#........#.....#....
########'###..###.....###..
#.........##..####'#....#..
#.........#...#....+....#..
#.........#...#....#....#..
#.........#...##'###....#..
#.........#####.........##.
#######.............######.
#...@.........#......
#....g........+...[..
#.......)>....###>###
......###)###.....#'###
.......#.....#.....#....
.......#.....#.....#....
.......#.....#.....#....
.......#.....#.....#....
.... #.....#.....#....


You could see a gnoll sergeant.

Vanquished Creatures
  Eustachio (D:5)
  2 ogres
  A scorpion (D:5)
  Crazy Yiuf (D:2)
  A centaur skeleton (D:5)
  3 bullfrog skeletons (D:5)
  2 hounds (D:5)
  2 iguanas
  Robin (D:2)
  5 adders
  3 gnolls (D:5)
  2 ufetubi (D:5)
  2 worms
  5 dart slugs
  6 orcs
  3 ball pythons (D:2)
  An endoplasm (D:1)
  2 giant cockroaches (D:1)
  9 goblins
  7 hobgoblins
  7 jackals
  2 kobolds
  3 quokkas
  8 bats
  2 frilled lizards (D:1)
  5 rats
86 creatures vanquished.

Vanquished Creatures (others)
  2 fungi (D:2)
2 creatures vanquished.

Grand Total: 88 creatures vanquished

Notes
Turn   | Place    | Note
-------+----------+-------------------------------------------
     0 | D:1      | Dorkslayer the Hill Orc Fighter began the quest for the
                  | Orb.
     0 | D:1      | Reached XP level 1. HP: 19/19 MP: 1/1
   369 | D:1      | Reached XP level 2. HP: 22/27 MP: 2/2
   858 | D:1      | Found a roughly hewn altar of Beogh.
   875 | D:1      | Found a faded altar of an unknown god.
  1169 | D:2      | Reached skill level 3 in Axes
  1169 | D:2      | Reached XP level 3. HP: 14/33 MP: 3/3
  1514 | D:2      | Found a glowing golden altar of the Shining One.
  1810 | D:2      | Noticed Robin
  1816 | D:2      | Reached skill level 1 in Dodging
  1822 | D:2      | Killed Robin
  1823 | D:2      | Reached XP level 4. HP: 32/40 MP: 4/4
  2263 | D:2      | Found a runed translucent door.
  2264 | D:2      | Noticed Crazy Yiuf
  2271 | D:2      | Killed Crazy Yiuf
  2272 | D:2      | Reached skill level 4 in Axes
  2536 | D:3      | Reached XP level 5. HP: 44/44 MP: 5/5
  2928 | D:3      | Reached skill level 1 in Evocations
  3107 | D:4      | Identified a scroll of acquirement
  3107 | D:4      | Acquired 1002 gold pieces
  3416 | D:4      | Noticed an ogre
  3427 | D:4      | Killed an ogre
  3428 | D:4      | Reached skill level 5 in Axes
  3428 | D:4      | Reached XP level 6. HP: 33/53 MP: 6/6
  3961 | D:5      | Entered Level 5 of the Dungeon
  4290 | D:5      | Reached XP level 7. HP: 35/60 MP: 7/7
  4517 | D:5      | Noticed Eustachio
  4532 | D:5      | Killed Eustachio
  4533 | D:5      | Reached skill level 6 in Axes
  4533 | D:5      | Reached skill level 1 in Stealth
  4862 | D:5      | Reached skill level 5 in Armour
  4887 | D:5      | Slain by a gnoll sergeant

Illustrated notes

Levels and vault maps discovered:
D:1:      co_arrival_square_in_a_square_in_a_square, layout_basic,
          hellmonk_ecumenical_altar_defaced_shrine
D:2:      layout_basic, basic_altar, minmay_ruptured, uniq_robin,
          uniq_crazy_yiuf_cottage
D:3:      layout_basic, minmay_distorted
D:4:      layout_loops_ring
D:5:      layout_gridville, kiku_gazebo_pond_becter, minmay_misc_feat_five,
          corexii_corridor_pit, uniq_eustachio
D:6:      layout_layer_cave, mainiacjoe_overflow_cross_hatched, minitemple

Skill      XL: |  1  2  3  4  5  6  7 |
---------------+----------------------+-----
Fighting       | 4 |  4.9
Axes           | 3 4 5 6 |  6.4
Dodging        | 1 2 |  2.8
Evocations     | 1 2 |  2.9
Armour         | 4 5 |  5.0
Shields        | 4 |  4.1
Stealth        | 1 |  1.0
Throwing       | |  0.2

Action                   |  1- 3 |  4- 6 |  7- 9 || total
-------------------------+-------+-------+-------++-------
Melee: War axe           |    99 |   140 |    54 ||   293
Throw: Dart              |       |     4 |     3 ||     7
Evoke: Wand              |       |     1 |       ||     1
  Use: Potion            |     1 |     2 |     3 ||     6
       Scroll            |       |     8 |     3 ||    11
 Stab: Paralysed         |       |     3 |       ||     3
       Invisible         |       |     1 |     1 ||     2
Armor: Scale mail        |    59 |    70 |    28 ||   157
Dodge: Dodged            |    51 |    89 |    38 ||   178
Block: Buckler           |    25 |    32 |    18 ||    75
